 Dungeon Crawl Stone Soup version 0.28.0-49-g6dfe1f597d (webtiles) character file.

Game seed: 15959695711369584380

891 ZappyNine the Fighter (level 7, -5/68 HPs)
             Began as a Palentonga Fighter on May 18, 2022.
             Was a Follower of Okawaru.
             Slain by an ogre
             ... wielding a +0 giant spiked club
              (16 damage)
             ... on level 5 of the Dungeon.
             The game lasted 00:04:20 (4907 turns).

ZappyNine the Fighter (Palentonga Fighter)          Turns: 4907, Time: 00:04:21

Health: -5/68      AC: 12    Str: 20    XL:     7   Next: 77%
Magic:  7/7        EV:  8    Int:  8    God:    Okawaru [*.....]
Gold:   210        SH:  4    Dex: 14    Spells: 6/6 levels left

rFire   + . .      SeeInvis +   a - +0 flail
rCold   . . .      Faith    .   c - +0 buckler
rNeg    . . .      Spirit   .   o - +0 leather armour of Jopahowk {rElec rF+ Will+ Dex+3}
rPois   .          Reflect  .   (no helmet)
rElec   +          Harm     .   m - +0 cloak
rCorr   .          Rampage  .   (no gloves)
Will    ++...                   (no barding)
Stlth   +.........              (no amulet)
HPRegen 0.21/turn               f - ring of willpower
MPRegen 0.10/turn               (no ring)

@: attractive, curled up
A: large, rugged brown scales 3, see invisible, deformed body, roll 1, armoured
tail, reflexive curl
a: Rolling Charge, Renounce Religion, Heroism


You were on level 5 of the Dungeon.
You worshipped Okawaru.
Okawaru was aware of your devotion.
You visited 2 branches of the dungeon, and saw 6 of its levels.

You collected 210 gold pieces.

Inventory:

Hand Weapons
 a - a +0 flail (weapon)
Armour
 b - a +0 scale mail
 c - a +0 buckler (worn)
 m - a +0 cloak (worn)
 o - the +0 leather armour of Jopahowk (worn) {rElec rF+ Will+ Dex+3}
   (You found it on level 2 of the Dungeon)

   Dex:       It affects your dexterity (+3).
   rF:        It protects you from fire.
   rElec:     It insulates you from electricity.
   Will:      It increases your willpower.
Jewellery
 f - a ring of willpower (left hand)
 l - a ring of willpower
Scrolls
 e - a scroll of immolation {unknown}
 h - 2 scrolls of enchant weapon {unknown}
 j - a scroll of torment {unknown}
 n - 2 scrolls of identify {unknown}
 p - 2 scrolls of teleportation {unknown}
 q - a scroll of fear {unknown}
 r - a scroll of summoning {unknown}
 u - a scroll of noise {unknown}
Potions
 d - a potion of heal wounds {unknown}
 i - a potion of attraction
 k - a potion of magic {unknown}
 s - a potion of brilliance {unknown}
 t - a potion of curing
 v - a potion of berserk rage {unknown}


   Skills:
 + Level 9.4 Fighting
 - Level 2.0 Maces & Flails
 - Level 2.4 Armour
 - Level 2.4 Shields


You had 6 spell levels left.
You didn't know any spells.
Your spell library contained the following spells:

 Spells                   Type           Power      Damage    Failure   Level
 Ozocubu's Armour         Ice            0%         N/A       88%         3
 Metabolic Englaciation   Hex/Ice        0%         N/A       100%        5
 Simulacrum               Ice/Necr       Unusable   N/A       N/A         6

Dungeon Overview and Level Annotations

Branches:
Dungeon (5/15)             Temple (1/1) D:4

Altars:
Ashenzari
Cheibriados
Dithmenos
Elyvilon
Fedhas
Gozag
Kikubaaqudgha
Makhleb
Nemelex Xobeh
Okawaru
Qazlal
Sif Muna
Trog
Uskayaw
Vehumet
The Shining One

Shops:
D:2 (


Innate Abilities, Weirdness & Mutations

You are completely covered in rugged brown scales. (AC +3, +7% HP)
You have supernaturally acute eyesight. (SInv)
Armour fits poorly on your strangely shaped body.
You can roll at nearby foes to attack.
You have a long armoured tail.
You curl defensively after being hit. (AC +7*)


Message History

The scorpion is heavily wounded.
You feel sick. The scorpion stings you.
* * * LOW HITPOINT WARNING * * *
Unknown command.
Unknown command.
It was a potion of attraction.
You feel attractive to monsters.
You feel sick. You block the scorpion's attack.
The scorpion closely misses you.
Unknown command.
It was a potion of ambrosia.
You are confused.
You feel invigorated.
You feel sick. The scorpion stings you!
* * * LOW HITPOINT WARNING * * *
Unknown command.
You feel sick.
You feel sick.
You are no longer poisoned.
The scorpion barely misses you.
You bump into the rock wall.
The scorpion stings you.
* * * LOW HITPOINT WARNING * * *
The scorpion closely misses you. The scorpion barely misses you.
You sock the scorpion!
You kill the scorpion!
Okawaru accepts your kill.
You can now gain great but temporary skills.
You feel less invigorated.
You feel less confused.
You now have 210 gold pieces (gained 9).
Things that are here:
a +0 rapier; a +0 leather armour An ogre comes into view.
It is wielding a +0 giant spiked club.
The ogre shouts!
The ogre is attracted toward you. The ogre is attracted toward you.
The ogre hits you with a +0 giant spiked club!!
* * * LOW HITPOINT WARNING * * *
The ogre is attracted toward you.
The ogre hits you with a +0 giant spiked club!
You die...

................ #
#............... .§
#..............
..##..............
#................
#..............
##.§............
#########$.....).......#
#......@O..........#...#
#############...####....
#...## #..... #...##
#....## #....# #....##
#...###....## #...#
#....# ...# ....# ..#
..#


You could see an ogre.

Vanquished Creatures
  Sigmund (D:3)
  Eustachio (D:5)
  Pargi (D:3)
  A scorpion (D:5)
  A hound (D:4)
  3 orc priests
  Terence (D:3)
  An iguana (D:5)
  3 orc wizards
  A hound zombie (D:5)
  A hound skeleton (D:4)
  3 gnolls (D:3)
  2 adders
  A white imp (D:4)
  An adder skeleton (D:4)
  3 dart slugs
  A worm (D:2)
  8 orcs
  7 ball pythons
  5 bats
  14 endoplasms
  A giant cockroach (D:2)
  14 goblins
  9 hobgoblins
  3 jackals (D:1)
  7 quokkas
  5 frilled lizards
  3 kobolds
  5 rats
107 creatures vanquished.

Vanquished Creatures (others)
  2 plants (D:4)
2 creatures vanquished.

Grand Total: 109 creatures vanquished

Notes
Turn   | Place    | Note
-------+----------+-------------------------------------------
     0 | D:1      | ZappyNine the Palentonga Fighter began the quest for the
                  | Orb.
     0 | D:1      | Reached XP level 1. HP: 19/19 MP: 1/1
   188 | D:1      | Reached XP level 2. HP: 23/25 MP: 2/2
   356 | D:1      | Reached skill level 4 in Fighting
   595 | D:1      | Reached XP level 3. HP: 32/32 MP: 3/3
  1508 | D:2      | Reached XP level 4. HP: 40/40 MP: 4/4
  1519 | D:2      | Reached skill level 5 in Fighting
  1788 | D:2      | Found a faded altar of an unknown god.
  1935 | D:2      | Found Koczuhi's Weapon Emporium.
  2021 | D:2      | Identified the +0 leather armour of Jopahowk {rElec rF+
                  | Will+ Dex+3}
  2115 | D:3      | Reached XP level 5. HP: 43/49 MP: 5/5
  2250 | D:3      | Found a blossoming altar of Fedhas.
  2250 | D:3      | Noticed Pargi
  2258 | D:3      | Killed Pargi
  2259 | D:3      | Reached skill level 6 in Fighting
  2272 | D:3      | Reached XP level 6. HP: 28/56 MP: 6/6
  2553 | D:3      | Reached skill level 7 in Fighting
  2826 | D:3      | Noticed Terence
  2861 | D:3      | Killed Terence
  2861 | D:3      | HP: 2/58 [kobold/+0 whip (3)]
  3473 | D:3      | Noticed Sigmund
  3486 | D:3      | Killed Sigmund
  3487 | D:3      | Reached skill level 8 in Fighting
  3642 | D:3      | Found an opulent altar of Gozag.
  3711 | D:4      | Gained mutation: You curl defensively after being hit. (AC
                  | +7*) [Palentonga growth]
  3711 | D:4      | Reached XP level 7. HP: 59/66 MP: 7/7
  4162 | D:4      | Found a staircase to the Ecumenical Temple.
  4184 | Temple   | Entered the Ecumenical Temple
  4414 | Temple   | Became a worshipper of Warmaster Okawaru
  4725 | D:4      | Found a sparkling altar of Nemelex Xobeh.
  4725 | D:4      | Found a hide-covered altar of Uskayaw.
  4725 | D:4      | Found a broken altar of Ashenzari.
  4847 | D:5      | Entered Level 5 of the Dungeon
  4878 | D:5      | Noticed Eustachio
  4885 | D:5      | Killed Eustachio
  4886 | D:5      | Reached skill level 9 in Fighting
  4895 | D:5      | Reached * piety under Okawaru
  4907 | D:5      | Slain by an ogre

Illustrated notes

Levels and vault maps discovered:
D:1:      minmay_arrival_stair_chambers, layout_loops_ring
D:2:      cheibrodos_greedy_goblins, layout_basic,
          hellmonk_ecumenical_altar_slurped_away, serial_shops, shop_statue
D:3:      layout_loops_ring, mainiacjoe_overflow_24_doors, lemuel_crystal_altar,
          uniq_terence, uniq_sigmund, uniq_pargi
D:4:      layout_cave_pools, gammafunk_temple_overflow_claw,
          minmay_temple_entry_ruins, serial_forest,
          infiniplex_forest_lined_corner, infiniplex_forest_straight_2,
          infiniplex_forest_lined_2, infiniplex_forest_straight_3,
          infiniplex_forest_lined_3, infiniplex_forest_straight_2,
          infiniplex_forest_end_1, infiniplex_forest_end_3,
          minmay_misc_feat_tower
D:5:      layout_cave_pods, marbit_many_paths, chequers_avenue, roderic_batcave,
          uniq_eustachio
Temple:   minmay_temple_curvy_loop

Skill      XL: |  1  2  3  4  5  6  7 |
---------------+----------------------+-----
Fighting       | 4 5 6 8 9 |  9.4
Maces & Flails | |  2.0
Armour         | |  2.4
Shields        | |  2.4

Action                   |  1- 3 |  4- 6 |  7- 9 || total
-------------------------+-------+-------+-------++-------
Melee: Flail             |   116 |   129 |    60 ||   305
       Tailslap          |    10 |    16 |    13 ||    39
 Abil: Rolling Charge    |     1 |     6 |     2 ||     9
  Use: Potion            |       |     1 |     2 ||     3
 Stab: Distracted        |       |     1 |       ||     1
       Sleeping          |       |     1 |     1 ||     2
Armor: Scale mail        |    66 |    16 |       ||    82
       Leather armour    |       |    36 |    18 ||    54
Dodge: Dodged            |    44 |    45 |    24 ||   113
Block: Buckler           |    24 |    30 |    13 ||    67
